 Dungeon Crawl Stone Soup version 0.26-a0-639-g72c4674329 (webtiles) character file.

Game seed: 13287260326616541470

4659 Borgoz the Basher (level 10, -11/64 HPs)
             Began as a Gargoyle Berserker on Sept 20, 2020.
             Was an Elder of Trog.
             Mangled by a two-headed ogre
             ... wielding a +0 giant club
              (13 damage)
             ... on level 9 of the Dungeon.
             The game lasted 00:15:22 (8666 turns).

Borgoz the Basher (Gargoyle Berserker)              Turns: 8666, Time: 00:15:23

Health: -11/64     AC: 20    Str: 21    XL:     10   Next: 43%
Magic:  10/10      EV: 14    Int: 15    God:    Trog [****..]
Gold:   307        SH:  5    Dex: 16    Spells: 9/9 levels left

rFire    . . .     SeeInvis .   a - +0 flail (holy)
rCold    + . .     Faith    .   (no shield)
rNeg     + . .     Spirit   .   D - +2 scale mail {MR+}
rPois    ∞         Reflect  +   c - +0 helmet
rElec    +         Harm     .   (no cloak)
rCorr    +         Rampage  .   k - +0 pair of gloves
MR       +++..                  (no boots)
Stlth    ..........             j - amulet of reflection
HPRegen  1.20/turn              l - ring of resist corrosion
MPRegen  0.12/turn              y - ring "Namme" {rPois rC+ Int+7 Dex+4}

@: regenerating
A: negative energy resistance 1, electricity resistance, unbreathing,
petrification resistance, rot immunity, AC +7
a: Berserk, Trog's Hand, Brothers in Arms, Renounce Religion


You were on level 9 of the Dungeon.
You worshipped Trog.
Trog was greatly pleased with you.
You visited 1 branch of the dungeon, and saw 9 of its levels.
You also visited: Sewer and Ossuary.

You collected 352 gold pieces.
You spent 45 gold pieces at shops.

Inventory:

Hand Weapons
 a - a +0 flail of holy wrath (weapon)
Armour
 c - a +0 helmet (worn)
 h - a +0 kite shield
 k - a +0 pair of gloves (worn)
 D - a +2 scale mail of magic resistance (worn)
Jewellery
 j - an amulet of reflection (around neck)
 l - a ring of resist corrosion (left hand)
 y - the ring "Namme" (right hand) {rPois rC+ Int+7 Dex+4}
   (You found it on level 5 of the Dungeon)

   [ring of poison resistance]

   It affects your intelligence (+7).
   It affects your dexterity (+4).
   It protects you from cold.
   It protects you from poison.
Wands
 F - a wand of flame (2)
Scrolls
 e - 4 scrolls of remove curse
 g - 4 scrolls of teleportation
 m - 4 scrolls of random uselessness {unknown}
 t - a scroll of enchant armour
 w - a scroll of immolation {unknown}
 B - a scroll of amnesia {unknown}
 C - a scroll of holy word {unknown}
 E - a scroll of magic mapping
 G - 2 scrolls of fog {unknown}
 H - a scroll of identify
 I - 2 scrolls of blinking {unknown}
Potions
 b - 8 potions of degeneration {unknown}
 d - 6 potions of curing
 f - 6 potions of flight
 i - 3 potions of heal wounds
 n - 2 potions of haste {unknown}
 o - 2 potions of berserk rage {unknown}
 p - a potion of invisibility
 q - 3 potions of mutation {unknown}
 r - a potion of magic {unknown}
 s - 2 potions of cancellation {unknown}
 u - a potion of lignification {unknown}
 v - 2 potions of stabbing
 x - a potion of ambrosia {unknown}
 z - a potion of resistance {unknown}
 A - 2 potions of brilliance {unknown}


   Skills:
 + Level 8.1 Fighting
 * Level 8.3 Maces & Flails
 + Level 7.8 Armour
 * Level 6.7 Dodging
 + Level 3.6 Shields


You had 9 spell levels left.
You didn't know any spells.
Your spell library was empty.

Dungeon Overview and Level Annotations

Branches:
Dungeon (9/15)             Temple (0/1) D:6            Lair (0/6) D:8
  Sewer (visited)         Ossuary (visited)
    Orc: D:9-12

Altars:
Ashenzari
Dithmenos
Elyvilon
Makhleb
Nemelex Xobeh
Qazlal
Sif Muna
Trog
Vehumet
Wu Jian
Yredelemnul
Zin
The Shining One

Shops:
D:4 [   D:7 *


Innate Abilities, Weirdness & Mutations

You are resistant to torment.
Your stone body is resilient. (AC +7)
You are immune to poison.
You resist negative energy. (rN+)
You are resistant to electric shocks. (rElec)
You can survive without breathing.
You are immune to petrification.
You are immune to rotting.


Message History

You thump the yak!
The yak is severely wounded.
The yak barely misses you.
You hit the yak.
The yak is almost dead.
The yak gores you.
You hit the yak.
You kill the yak!
Trog accepts your kill.
You sock the two-headed ogre!
The two-headed ogre is lightly wounded.
The two-headed ogre hits you with a +0 giant club!
The two-headed ogre hits you but does no damage.
You are too injured to fight recklessly!
Your skin crawls.
You feel resistant to hostile enchantments.
The two-headed ogre hits you with a +0 giant club!!
* * * LOW HITPOINT WARNING * * *
The two-headed ogre hits you with a +0 giant club!
You die... ... ... ... ... #.. ##.## ## ...
Zoo ..# #.##o##.. #o#r#.# #oYY#

##O##
#@#
#.#
#.#
#.#
#.#
#.#
#.#
#.#
#.#


You could see a two-headed ogre, 2 yaks, 5 orcs, a quokka and an adder skeleton.

Vanquished Creatures
  Sigmund (D:5)
  4 yaks (D:9)
  3 wargs (D:8)
  Edmund (D:4)
  Duvessa (D:4)
  4 orc warriors
  2 ice beasts
  A black bear (D:8)
  3 ogres
  2 big kobolds
  Dowan (D:4)
  2 gnoll sergeants (D:6)
  3 bullfrogs
  A scorpion (D:5)
  The ghost of Flugslaktarn the Skirmisher, a weakling MiFi (D:3)
  A wight (D:6)
  2 howler monkeys (D:8)
  2 centaur zombies
  A quasit (D:7)
  A human zombie (Ossuary)
  3 hounds
  4 orc priests
  12 orc wizards
  2 centaur skeletons
  A gnoll shaman (D:7)
  A bullfrog skeleton (D:8)
  2 iguanas
  8 worker ants
  A big kobold zombie (Ossuary)
  A hound skeleton (D:4)
  4 mummies (Ossuary)
  A howler monkey zombie (D:8)
  Robin (D:4)
  A worker ant zombie (D:6)
  7 adders
  5 gnolls (D:7)
  A river rat (Sewer)
  3 shadow imps
  A white imp (D:9)
  A worm (D:2)
  5 dart slugs
  6 leopard geckos
  27 orcs
  2 ball pythons
  6 giant cockroaches
  A gnoll zombie (Ossuary)
  13 hobgoblins
  7 jackals
  5 bats
  6 frilled lizards
  14 goblins
  A goblin zombie (Ossuary)
  A hobgoblin zombie (Ossuary)
  9 kobolds
  3 kobold zombies (Ossuary)
  12 rats
  A rat zombie (D:5)
  A spectral orc (D:8)
217 creatures vanquished.

Vanquished Creatures (others)
  2 rats (D:3)
2 creatures vanquished.

Grand Total: 219 creatures vanquished

Notes
Turn   | Place    | Note
-------+----------+-------------------------------------------
     0 | D:1      | Borgoz the Gargoyle Berserker began the quest for the Orb.
     0 | D:1      | Reached XP level 1. HP: 14/14 MP: 1/1
   178 | D:1      | Reached XP level 2. HP: 15/19 MP: 2/2
   653 | D:1      | Reached XP level 3. HP: 16/23 MP: 3/3
   965 | D:1      | Reached ** piety under Trog
  1445 | D:2      | Found a radiant altar of Vehumet.
  1483 | D:2      | Found a shattered altar of Ashenzari.
  1721 | D:2      | Reached XP level 4. HP: 29/29 MP: 4/4
  1985 | D:3      | HP: 2/43 [orc/+0 short sword (3)]
  2135 | D:3      | Found a large runed translucent door.
  2135 | D:3      | Found a large runed translucent door.
  2139 | D:3      | Noticed Flugslaktarn's ghost (weakling MiFi)
  2167 | D:3      | Found a glowing drain.
  2173 | D:3      | Reached XP level 5. HP: 33/33 MP: 5/5
  2186 | Sewer    | Entered a sewer
  2337 | Sewer    | Noticed a big kobold
  2358 | Sewer    | Killed a big kobold
  2504 | Sewer    | Found a white marble altar of Elyvilon.
  2638 | D:3      | Found a glowing golden altar of the Shining One.
  2752 | D:3      | Found a white marble altar of Elyvilon.
  3198 | D:3      | Killed Flugslaktarn's ghost
  3198 | D:3      | Reached XP level 6. HP: 17/39 MP: 6/6
  3595 | D:4      | Found an ornate altar of the Wu Jian Council.
  3648 | D:4      | Noticed Duvessa
  3648 | D:4      | Noticed Dowan
  3659 | D:4      | Killed Duvessa
  3659 | D:4      | Reached skill level 5 in Fighting
  3661 | D:4      | Reached XP level 7. HP: 27/44 MP: 7/7
  3694 | D:4      | Killed Dowan
  3900 | D:4      | Found Gaseem's Armour Emporium.
  4177 | D:4      | Noticed Edmund
  4196 | D:4      | Killed Edmund
  4196 | D:4      | Reached skill level 5 in Maces & Flails
  4196 | D:4      | Reached skill level 5 in Armour
  4334 | D:4      | Found a sparkling altar of Nemelex Xobeh.
  4360 | D:4      | Noticed Robin
  4380 | D:4      | Killed Robin
  4673 | D:5      | Entered Level 5 of the Dungeon
  4678 | D:5      | Found a sand-covered staircase.
  4686 | Ossuary  | Entered an ossuary
  4752 | Ossuary  | Reached XP level 8. HP: 51/51 MP: 8/8
  4839 | Ossuary  | Reached *** piety under Trog
  5174 | D:5      | Got a translucent jade ring
  5175 | D:5      | Identified the ring "Namme" {rPois rC+ Int+7 Dex+4} (You
                  | found it on level 5 of the Dungeon)
  5327 | D:5      | Noticed Sigmund
  5341 | D:5      | Killed Sigmund
  5885 | D:6      | Reached XP level 9. HP: 26/56 MP: 9/9
  5888 | D:6      | Reached skill level 5 in Dodging
  6115 | D:6      | Found a shadowy altar of Dithmenos.
  6179 | D:6      | Found a shimmering blue altar of Sif Muna.
  6188 | D:6      | Found a glowing silver altar of Zin.
  6381 | D:6      | Identified Sif Muna's Papyrus of the Mountains
  6615 | D:6      | Found a staircase to the Ecumenical Temple.
  6759 | D:6      | Found a bloodstained altar of Trog.
  6982 | D:7      | Reached skill level 1 in Shields
  7229 | D:7      | Found Dukuog's General Store.
  7248 | D:7      | Bought a scroll of magic mapping for 45 gold pieces
  7264 | D:7      | Found a stormy altar of Qazlal.
  7538 | D:7      | Found a burning altar of Makhleb.
  7569 | D:8      | Reached **** piety under Trog
  7671 | D:8      | Found a staircase to the Lair.
  7752 | D:8      | Reached XP level 10. HP: 28/64 MP: 10/10
  8220 | D:8      | Found a basalt altar of Yredelemnul.
  8630 | D:9      | Noticed a two-headed ogre
  8666 | D:9      | HP: 2/64 [two-headed ogre/+0 giant club (21)]
  8666 | D:9      | Mangled by a two-headed ogre

Illustrated notes

Levels and vault maps discovered:
D:1:      lightli_arrival_noodles, layout_basic, st_stairs_11
D:2:      layout_basic, lemuel_doored_altar, lemuel_round_altar,
          lightli_corner_chamber
D:3:      layout_loops_ring, nicolae_tso_swordbearing_angel,
          cheibrodos_sewer_entry_drain, ebering_ghost_disaster_area,
          dk_vineyard_1, chequers_serial_rivers_marsh, elyvilon_altar_4
D:4:      layout_cave_pods, overflow_temple_1_default,
          nemelex_xobeh_ov_fountains_minmay, serial_shops, kennysheep_mini_moat,
          uniq_duvessa, uniq_robin, uniq_edmund
D:5:      layout_loops_ring, enter_ossuary_3, uniq_sigmund
D:6:      layout_loops_cross, nicolae_overflow_hidden_temple, marbit_many_paths,
          led_sif_book, overflow_temple_1_default,
          minmay_temple_entry_nine_rooms, sword_in_stone
D:7:      layout_rooms, kennysheep_mini, serial_shops, shop,
          minmay_misc_feat_room, nicolae_qazlal_style_of_elements
D:8:      layout_basic, yredelemnul_forgotten_temple_becter,
          erik_lair_orcish_takeover
D:9:      layout_loops_ring, david_orc_4, serial_shops,
          nicolae_shop_behind_doors, uniq_maurice

Skill      XL: |  1  2  3  4  5  6  7  8  9 10 |
---------------+-------------------------------+-----
Dodging        | 2 3 4 6 |  6.7
Armour         | 3 4 5 6 7 |  7.8
Fighting       | 4 5 6 7 8 |  8.1
Maces & Flails | 4 5 6 7 8 |  8.3
Shields        | 2 3 |  3.6

Action                   |  1- 3 |  4- 6 |  7- 9 | 10-12 || total
-------------------------+-------+-------+-------+-------++-------
Melee: Mace              |   143 |    42 |       |       ||   185
       Flail             |       |   117 |   494 |   120 ||   731
Invok: Trog's Hand       |       |     2 |     5 |     2 ||     9
       Berserk           |       |     3 |     7 |       ||    10
  Use: Scroll            |       |     8 |     2 |     1 ||    11
       Potion            |       |     1 |     4 |       ||     5
 Stab: Invisible         |       |       |     1 |       ||     1
Armor: Animal skin       |     9 |       |       |       ||     9
       Scale mail        |    48 |   127 |   292 |    46 ||   513
Dodge: Dodged            |    94 |   108 |   418 |    58 ||   678
Block: Other             |       |    10 |   155 |    28 ||   193

Table legend: (Time is in decaauts)
 A = Elapsed time spent in this place.
 B = Non-inter-level travel time spent in this place.
 C = Inter-level travel time spent in this place.
 D = Time resting spent in this place.
 E = Time spent auto-exploring this place.
 F = Levels seen in this place.
 G = Mean time per level.
                   A        B        C        D        E       F      G
               +--------+--------+--------+--------+--------+-----+--------+
         Total |   8865 |   8602 |    263 |    839 |   5934 |  11 |  805.9 |
       Dungeon |   8168 |   7905 |    263 |    839 |   5430 |   9 |  907.6 |
         Sewer |    391 |    391 |      0 |      0 |    310 |   1 |  391.0 |
       Ossuary |    305 |    305 |      0 |      0 |    193 |   1 |  305.0 |
               +--------+--------+--------+--------+--------+-----+--------+

Top non-repeatable levels by time:
     D:1: 1277 daAuts
     D:4: 1275 daAuts
     D:6: 1190 daAuts
     D:3: 1187 daAuts
     D:8: 1015 daAuts
     D:5: 796 daAuts
     D:2: 679 daAuts
     D:7: 648 daAuts
   Sewer: 391 daAuts
 Ossuary: 305 daAuts
     D:9: 97 daAuts
